 Dungeon Crawl Stone Soup version 0.31.0-12-g77e489cdc1 (webtiles) character file.

Game seed: 14842709412220885257

12336 Gadfly the Grappler (level 11, -7/86 HPs)
             Began as a Demonspawn Monk on Feb 12, 2024.
             Was a Believer of Ru.
             Mangled by a boulder beetle (40 damage)
             ... on level 10 of the Dungeon.
             The game lasted 00:23:55 (13370 turns).

Gadfly the Grappler (Demonspawn Monk)              Turns: 13370, Time: 00:23:55

Health: -7/86      AC: 13    Str: 17    XL:     11   Next: 61%
Magic:  11/11      EV: 21    Int: 10    God:    Ru [**....]
Gold:   1606       SH:  0    Dex: 17    Spells: 2/10 levels left

rFire   . . .        b - +6 morningstar of Ziale {venom, Dex+2}
rCold   . . .        (no shield)
rNeg    . . .        F - +0 steam dragon scales
rPois   .            C - +0 helmet
rElec   .            k - +1 cloak
rCorr   .            (no gloves)
SInv    .            H - +0 pair of boots
Will    .....        (no amulet) Stlth
                     l - +4 ring of protection
HPRegen 1.34/turn    y - +5 ring of evasion
MPRegen 0.12/turn

%: no passive effects
@: no status effects
A: claws 2, demonic guardian 2, powered by death 2, no stealth, inability to
train armour
a: Renounce Religion


You were on level 10 of the Dungeon.
You worshipped Ru.
Ru was pleased with you.
You visited 2 branches of the dungeon, and saw 12 of its levels.
You also visited: Ossuary.

You collected 1677 gold pieces.
You spent 71 gold pieces at shops.

Inventory:

Hand Weapons
 b - the +6 morningstar of Ziale (weapon) {venom, Dex+2}
   (You found it on level 10 of the Dungeon)

   Dex+2:     It affects your dexterity (+2).
 i - a +5 short sword
 p - a +2 dagger of draining
 t - a +1 whip of electrocution
Armour
 c - an orb of light
 k - a +1 cloak (worn)
 q - a +2 robe
 C - a +0 helmet (worn)
 F - +0 steam dragon scales (worn)
 H - a +0 pair of boots (worn)
Jewellery
 l - a +4 ring of protection (left claw)
 n - a ring of see invisible
 r - a ring of ice
 y - a +5 ring of evasion (right claw)
 G - a ring of fire
Talismans
 f - a flux talisman
Wands
 B - a wand of quicksilver (2)
 D - a wand of flame (25) (quivered)
Scrolls
 h - 4 scrolls of teleportation
 m - a scroll of enchant weapon
 o - a scroll of poison
 u - a scroll of enchant armour
 x - a scroll of summoning
 A - a scroll of vulnerability
 E - a scroll of fear
 J - a scroll of fog
Potions
 d - a potion of ambrosia
 e - a potion of attraction
 g - 2 potions of mutation
 j - 8 potions of curing
 s - a potion of resistance
 v - a potion of cancellation
 w - 4 potions of might
 z - a potion of heal wounds
 I - a potion of haste


   Skills:
 * Level 8.0 Fighting
 * Level 7.5 Dodging
 * Level 9.1 Unarmed Combat
 - Level 7.8 Evocations
 * Level 7.9 Shapeshifting


You had 2 spell levels left.
You knew the following spells:

 Your Spells              Type           Power      Damage    Failure   Level
a - Swiftness             Air            0%         N/A       75%         3
b - Passwall              Erth           0%         N/A       75%         3
c - Blink                 Tloc           0%         N/A       50%         2

Your spell library contained the following spells:

 Spells                   Type           Power      Damage    Failure   Level
 Slow                     Hex            0%         N/A       36%         1
 Sting                    Conj/Alch      0%         1d3       36%         1
 Ensorcelled Hibernation  Hex/Ice        0%         N/A       50%         2
 Jinxbite                 Hex            0%         N/A       50%         2
 Lesser Beckoning         Tloc           0%         N/A       50%         2
 Mercury Vapours          Alch/Air       0%         N/A       50%         2
 Momentum Strike          Conj/Tloc      0%         3d8       50%         2
 Confusing Touch          Hex            0%         N/A       75%         3
 Sigil of Binding         Hex            0%         N/A       75%         3
 Tukima's Dance           Hex            0%         N/A       75%         3
 Vampiric Draining        Necr           0%         2d6       75%         3
 Animate Armour           Summ/Erth      0%         N/A       98%         4
 Dimensional Bullseye     Hex/Tloc       0%         N/A       98%         4
 Iskenderun's Mystic Bla  Conj/Tloc      0%         2d3       98%         4
 Olgreb's Toxic Radiance  Alch           0%         N/A       98%         4
 Summon Lightning Spire   Summ/Air       0%         N/A       98%         4
 Lee's Rapid Deconstruct  Erth           0%         3d4*      100%        5


Dungeon Overview and Level Annotations

Branches:
Dungeon (11/15)            Temple (1/1) D:7            Lair (0/5) D:10
Ossuary (visited)
    Orc: D:9-12

Altars:
Ashenzari
Cheibriados
Dithmenos
Fedhas
Gozag
Hepliaklqana
Kikubaaqudgha
Makhleb
Nemelex Xobeh
Okawaru
Qazlal
Ru
Sif Muna
Trog
Uskayaw
Vehumet
Wu Jian
Xom
Yredelemnul

Shops:
D:8 *


Innate Abilities, Weirdness & Mutations

You have very sharp fingernails.
A demonic guardian rushes to your aid.
You regenerate health from kills.
You cannot be stealthy.
You cannot train Armour skill.


Message History

You hit the yak.
The yak is severely wounded.
The yak misses you. The yak gores you but does no damage.
The yak barely misses you.
Unknown command.
You hit the yak. You claw the yak.
The yak is severely wounded.
The yak gores you! The yak closely misses you. The yak completely misses you.
The boulder beetle misses you.
You hit the yak.
The yak looks as sick as possible!
The yak is severely wounded.
The yak misses you. The yak completely misses you.
The boulder beetle completely misses you.
The yak closely misses you.
Unknown command.
You thump the yak!
You kill the yak!
The boulder beetle bites you! The yak barely misses you.
The boulder beetle closely misses you.
You closely miss the yak.
The yak is almost dead.
The yak closely misses you. The boulder beetle bites you.
The yak completely misses you.
You hit the boulder beetle.
The boulder beetle is poisoned.
The boulder beetle is lightly wounded.
The boulder beetle bites you. The yak barely misses you.
The boulder beetle bites you but does no damage.
You hit the boulder beetle but do no damage.
The boulder beetle looks as sick as possible!
The boulder beetle is lightly wounded.
The yak barely misses you.
The boulder beetle leaps!
The yak misses you.
You hit the yak but do no damage.
The yak looks even sicker.
The yak is almost dead.
The yak gores you but does no damage.
The boulder beetle curls into a ball and begins rolling!
You thump the yak!
You kill the yak!
Your Fighting skill increases to level 8!
The boulder beetle hits you!!!
You die...

........................##.......
#.............................##.
#..#..###.......#.....#........#.
##..#.####.........#..#..#.....#.
....#.#............#.###.........
.....................##...).....#
.................##........###..#
.........)..°°○B.####.....###..##
...............#@#..>......##..#
..###.........##....†..........#
..)##....).....>..............###
..))#.....#####..........#.#...#.
..##).).).######.........#.##....
.####..#..#......#.....#.#.#.....
## ###.........###...#..#.....##
###......## #...#.##..#####
####.....## ##......#..#####


You could see a boulder beetle (rolling, very poisoned).

Vanquished Creatures
  A hydra (D:9)
  A centaur warrior (D:11)
  4 two-headed ogres
  Maurice (D:8)
  A manticore (D:10)
  A meliai (shapeshifter) (D:9)
  A kobold demonologist (D:9)
  2 hornets (D:9)
  4 trolls
  A shadow (D:9)
  2 wraiths (D:10)
  9 yaks
  2 steam dragons
  A water moccasin (D:8)
  5 orc warriors
  2 ice beasts (D:7)
  3 sky beasts (D:8)
  3 black bears
  3 centaurs
  3 kobold brigands
  2 bullfrogs
  3 elf zombies (Ossuary)
  3 scorpions (D:5)
  A gnoll sergeant (D:9)
  A burial acolyte (D:8)
  A wight (D:7)
  9 killer bees
  7 howler monkeys
  5 electric eels (D:8)
  A centaur zombie (Ossuary)
  A bombardier beetle (D:4)
  3 hounds
  2 human zombies (Ossuary)
  5 orc priests
  3 gnoll boudas
  Jessica (D:3)
  2 iguanas (D:5)
  A sleepcap (D:6)
  10 orc wizards
  5 hound zombies (Ossuary)
  2 mummies (Ossuary)
  19 gnolls
  5 adders
  2 shadow imps (D:8)
  A white imp (D:6)
  6 adder zombies
  4 dart slugs
  A ribbon worm (D:3)
  30 orcs
  7 endoplasms
  3 giant cockroaches
  8 gnoll zombies
  6 goblins
  7 hobgoblins
  5 quokkas
  3 ball pythons
  9 bats
  6 frilled lizards
  8 jackal zombies (Ossuary)
  22 kobolds
  4 kobold zombies
  7 orc zombies (Ossuary)
  5 rats
286 creatures vanquished.

Vanquished Creatures (collateral kills)
  A water moccasin (D:6)
  A kobold brigand (D:10)
  2 killer bees (D:10)
  An orc wizard (D:10)
  2 gnolls (D:6)
  A shadow imp (D:7)
  An orc (D:10)
  5 kobolds (D:10)
14 creatures vanquished.

Vanquished Creatures (others)
  A howler monkey (D:11)
1 creature vanquished.

Grand Total: 301 creatures vanquished

Notes
Turn   | Place    | Note
-------+----------+-------------------------------------------
     0 | D:1      | Gadfly the Demonspawn Monk began the quest for the Orb.
     0 | D:1      | Reached XP level 1. HP: 18/18 MP: 1/1
   178 | D:1      | Gained mutation: You regenerate a little health from kills.
                  | [demonic ancestry]
   178 | D:1      | Reached XP level 2. HP: 23/24 MP: 2/2
   394 | D:1      | Reached skill level 1 in Evocations
   400 | D:1      | Reached skill level 3 in Unarmed Combat
   884 | D:2      | Reached skill level 1 in Shapeshifting
   884 | D:2      | Gained mutation: You regenerate health from kills. [demonic
                  | ancestry]
   884 | D:2      | Reached XP level 3. HP: 19/29 MP: 3/3
  2049 | D:3      | Noticed Jessica
  2052 | D:3      | Reached XP level 4. HP: 27/35 MP: 4/4
  2061 | D:3      | Killed Jessica
  2580 | D:3      | Identified a scroll of acquirement
  2580 | D:3      | Acquired 1076 gold pieces
  2751 | D:4      | Noticed a black bear
  2759 | D:4      | Reached XP level 5. HP: 29/41 MP: 5/5
  2944 | D:4      | Killed a black bear
  2965 | D:4      | Gained mutation: You have sharp fingernails. [demonic
                  | ancestry]
  2965 | D:4      | Reached XP level 6. HP: 14/47 MP: 6/6
  3385 | D:4      | Reached skill level 4 in Unarmed Combat
  3419 | D:4      | Learned a level 3 spell: Swiftness
  3436 | D:5      | Entered Level 5 of the Dungeon
  3609 | D:5      | Found a sand-covered staircase.
  3614 | Ossuary  | Entered an ossuary
  3718 | Ossuary  | Gained mutation: A weak demonic guardian rushes to your
                  | aid. [demonic ancestry]
  3718 | Ossuary  | Reached XP level 7. HP: 52/52 MP: 7/7
  4096 | Ossuary  | Learned a level 3 spell: Passwall
  4294 | D:5      | Reached skill level 5 in Unarmed Combat
  4339 | D:5      | Gained mutation: You have very sharp fingernails. [demonic
                  | ancestry]
  4339 | D:5      | Reached XP level 8. HP: 50/60 MP: 8/8
  5101 | D:6      | Reached skill level 5 in Evocations
  5499 | D:6      | Found Vesenwoi's Self-Improvement Boutique.
  6851 | D:7      | Reached skill level 6 in Unarmed Combat
  6938 | D:7      | Found a staircase to the Ecumenical Temple.
  6943 | D:7      | Reached XP level 9. HP: 66/66 MP: 9/9
  6947 | Temple   | Entered the Ecumenical Temple
  7001 | Temple   | Became a worshipper of Ru the Awakened
  7005 | Temple   | Gained mutation: You cannot be stealthy. [Ru sacrifice]
  7229 | D:7      | Reached skill level 5 in Shapeshifting
  7875 | D:8      | Found an ancient bone altar of Kikubaaqudgha.
  8026 | D:8      | Found Paynol's General Store.
  8031 | D:8      | Bought a scroll of noise for 13 gold pieces
  8032 | D:8      | Bought a +0 pair of boots for 58 gold pieces
  8094 | D:8      | Reached skill level 5 in Fighting
  8189 | D:8      | Reached skill level 5 in Dodging
  8575 | D:8      | Noticed Maurice
  8590 | D:8      | Maurice stole a flux talisman
  8591 | D:8      | Maurice stole a +1 whip of electrocution
  8596 | D:8      | Maurice stole a ring of ice
  8606 | D:8      | Killed Maurice
  8607 | D:8      | Reached skill level 7 in Unarmed Combat
  8694 | D:8      | Noticed a two-headed ogre
  9322 | D:8      | Learned a level 2 spell: Blink
  9432 | D:9      | Reached XP level 10. HP: 25/74 MP: 10/10
  9704 | D:9      | Noticed a seven-headed hydra
  9961 | D:9      | Noticed a two-headed ogre
  9993 | D:8      | Killed a two-headed ogre
 10522 | D:9      | Noticed a black mamba
 10867 | D:9      | Gained mutation: You cannot train Armour skill. [Ru
                  | sacrifice]
 10867 | D:9      | Reached * piety under Ru
 10867 | D:9      | Reached ** piety under Ru
 11138 | D:9      | Noticed a two-headed ogre
 11153 | D:9      | Killed a two-headed ogre
 11262 | D:9      | Reached skill level 8 in Unarmed Combat
 11335 | D:9      | Noticed a meliai
 11344 | D:9      | Killed a meliai
 11459 | D:9      | Killed a seven-headed hydra
 11815 | D:7      | Gained mutation: A demonic guardian rushes to your aid.
                  | [demonic ancestry]
 11815 | D:7      | Reached XP level 11. HP: 16/83 MP: 11/11
 11825 | D:7      | Killed a two-headed ogre
 12019 | D:10     | Entered Level 10 of the Dungeon
 12026 | D:10     | Identified the +6 morningstar of Ziale {venom, Dex+2}
 12256 | D:10     | Got Everyday Spellcraft
 12312 | D:10     | Noticed a two-headed ogre
 12321 | D:10     | Killed a two-headed ogre
 12474 | D:10     | Found a staircase to the Lair.
 12733 | D:11     | Noticed a centaur warrior
 12755 | D:11     | Killed a centaur warrior
 12760 | D:11     | Reached skill level 9 in Unarmed Combat
 13095 | D:11     | Noticed a deep elf pyromancer
 13096 | D:11     | Noticed a tengu warrior
 13245 | D:11     | Noticed a boulder beetle
 13370 | D:10     | Mangled by a boulder beetle

Illustrated notes

Levels and vault maps discovered:
D:1:      onia_arrival_mini_spirals, layout_rooms, minmay_stone_trees_medium
D:2:      layout_basic
D:3:      wad_pebble_path, layout_basic, uniq_jessica
D:4:      layout_cave_pools
D:5:      layout_loops_ring, enter_ossuary_5, nicolae_tricolors
D:6:      layout_layer_cave, serial_glass, glass_columns_a, glass_columns_b,
          nicolae_shop_self_help
D:7:      layout_loops_ring, minmay_temple_entry_proselytizer,
          grunt_ministairs_10, roderic_nine_men_s_morris,
          roderic_serpentine_path, nicolae_twisty_statue_hallways
D:8:      layout_loops_ring, regret_index_kikubaaqudgha_part_by_part,
          serial_bayou, serial_bayou_crossing, serial_bayou_lagoon_a,
          serial_bayou_shore_a, serial_bayou_pond_e, serial_bayou_lagoon_b,
          serial_bayou_pond_e, serial_shops, nicolae_shop_rolling_square,
          nicolae_fountain_basement, uniq_maurice
D:9:      layout_rooms, corexii_checkpoint, minmay_mirror_moons_of_madness
D:10:     layout_cave_pools, lair_entry_dummy
D:11:     minmay_ornate_pinched, layout_irregular_city,
          kennysheep_orc_monster_closet_entryway
Temple:   mainiacjoe_temple_starburst

Skill      XL: |  1  2  3  4  5  6  7  8  9 10 11 |
---------------+----------------------------------+-----
Evocations     | 1 2 3 4 5 7 |  7.8
Unarmed Combat | 3 4 5 6 7 8 9 |  9.1
Dodging        | 3 4 5 6 7 |  7.5
Shapeshifting  | 1 2 3 4 6 7 |  7.9
Fighting       | 4 5 6 8 |  8.0

Action                     |  1- 3 |  4- 6 |  7- 9 | 10-12 || total
---------------------------+-------+-------+-------+-------++-------
  Melee: Unarmed           |   146 |       |       |    41 ||   187
         Short sword       |     4 |    13 |       |       ||    17
         Dagger            |       |    85 |   604 |   227 ||   916
         Whip              |       |    50 |   143 |       ||   193
         Punch             |       |       |       |    11 ||    11
         Morningstar       |       |       |       |   119 ||   119
 Invoke: Sacrifice Stealth |       |       |     1 |       ||     1
         Sacrifice Durabil |       |       |       |     1 ||     1
  Evoke: Wand              |       |       |     8 |    14 ||    22
    Use: Scroll            |     6 |     4 |     8 |     3 ||    21
         Potion            |     2 |     3 |     4 |     2 ||    11
   Stab: Distracted        |       |       |       |     1 ||     1
 Armour: Robe              |    72 |   126 |   235 |       ||   433
         Steam dragon scal |       |       |   104 |   282 ||   386
         Skin              |       |       |    47 |     1 ||    48
  Dodge: Dodged            |   108 |   114 |   661 |   594 ||  1477
